 Dungeon Crawl Stone Soup version 0.25.0-10-g039870ee82 (webtiles) character file.

Game seed: 15102259783176950767

1043 Legioner2108 the Basher (level 8, 0/66 HPs)
             Began as a Minotaur Berserker on June 22, 2020.
             Was a Priest of Trog.
             Slain by an orc warrior
             ... wielding a +0 long sword
              (18 damage)
             ... on level 5 of the Dungeon.
             The game lasted 00:53:57 (5295 turns).

Legioner2108 the Basher (Minotaur Berserker)        Turns: 5295, Time: 00:53:58

Health: 0/66       AC:  7    Str: 24    XL:     8   Next: 4%
Magic:  7/7        EV: 16    Int:  4    God:    Trog [***...]
Gold:   331        SH:  0    Dex: 10    Spells: 7/7 levels left

rFire    . . .     SeeInvis .   y - +0 flail
rCold    . . .     Gourm    .   (no shield)
rNeg     . . .     Faith    .   u - +0 ring mail
rPois    .         Spirit   .   (helmet restricted)
rElec    .         Reflect  .   k - scarf {+Inv}
rCorr    .         Harm     .   w - +0 pair of gloves
MR       +....     Clarity  +   (no boots)
Stlth    ..........             (no amulet)
HPRegen  0.21/turn              f - ring of protection from magic
MPRegen  0.10/turn              B - +4 ring of evasion

@: berserk cooldown, slowed, very slow
A: retaliatory headbutt, horns 2, blurry vision 1, clarity
a: Berserk, Trog's Hand, Renounce Religion, Evoke Invisibility


You were on level 5 of the Dungeon.
You worshipped Trog.
Trog was most pleased with you.
You were hungry.

You visited 1 branch of the dungeon, and saw 6 of its levels.

You collected 331 gold pieces.

Inventory:

Hand Weapons
 a - a +0 great sword
 b - a +0 mace
 e - a +0 hand axe
 l - a +0 hand axe
 p - a +0 giant club
 q - a +0 rapier
 x - a +0 war axe
 y - a +0 flail (weapon)
Missiles
 j - 3 javelins (quivered)
 C - 19 stones
Armour
 k - a scarf of invisibility (worn)
 u - a +0 ring mail (worn)
 w - a +0 pair of gloves (worn)
Jewellery
 f - a ring of protection from magic (left hand)
 B - a +4 ring of evasion (right hand)
Wands
 d - a wand of random effects (18)
Scrolls
 m - a scroll of teleportation {unknown}
 v - 4 scrolls of remove curse
 D - a scroll of identify
Potions
 g - a potion of cancellation {unknown}
 h - 2 potions of brilliance
 i - a potion of flight {unknown}
 n - a potion of degeneration {unknown}
 s - a potion of might {unknown}
 t - a potion of heal wounds
Comestibles
 c - 7 rations
 o - 4 chunks of flesh


   Skills:
 - Level 3.6 Fighting
 - Level 0.3(5.6) Axes
 - Level 9.1 Maces & Flails
 - Level 7.1 Armour
 + Level 3.5 Dodging


You had 7 spell levels left.
You didn't know any spells.
Your spell library was empty.

Dungeon Overview and Level Annotations

Branches:
Dungeon (6/15)
 Temple: D:4-7

Altars:
Fedhas
Kikubaaqudgha
Qazlal
Ru
Xom


Innate Abilities, Weirdness & Mutations

You reflexively headbutt those who attack you in melee.
You have a pair of horns on your head.
Scrolls take you a little longer to read.
You possess an exceptional clarity of mind.


Message History

You kill the bullfrog!
Trog accepts your kill.
Your Dodging skill increases to level 3!
You have reached level 8!
You feel agile.
You feel better.
The orc warrior hits you with a +0 long sword.
* * * LOW HITPOINT WARNING * * *
The orc warrior misses you.
You are too injured to fight recklessly!
You are too injured to fight recklessly!
You are too injured to fight recklessly!
Throwing (i - inventory. (/) - cycle)
j - 4 javelins (quivered)
Press: ? - help, Shift-Dir - straight line, f - orc warrior
Aim: an orc warrior, wielding a +0 long sword and wearing a +0 plate armour (heavily wounded)
You throw a javelin.
The javelin pierces through the orc warrior!
The orc warrior is almost dead.
The orc warrior hits you with a +0 long sword!!
You die...

...........#
...........###
..........#..## ###
..........##..########.#
..........####.........#
.........## ##........#
#........# #..#######
##.......# #..#
#......### ##@##
#..##### #.o# ...#
#).###### ...# #.>[....#
..## ##.#....# ..#
#..###.# .## #..# ### .#
#####..# ## #...##.##


You could see an orc warrior.

Vanquished Creatures
  A sky beast (D:5)
  A phantom (D:5)
  2 ogres (D:4)
  A bullfrog (D:5)
  3 scorpions
  A hound (D:5)
  5 orc wizards
  An iguana (D:5)
  4 worker ants (D:4)
  A howler monkey zombie (D:5)
  3 gnolls (D:5)
  5 adders
  2 oozes (D:1)
  A worm (D:3)
  4 dart slugs
  3 leopard geckos
  10 orcs
  A ball python (D:4)
  6 bats
  4 giant cockroaches
  5 goblins
  7 hobgoblins
  7 jackals
  5 kobolds
  2 quokkas
  7 frilled lizards
  A jackal skeleton (D:4)
  A quokka zombie (D:5)
  6 rats
  2 bushes (D:1)
  A plant (D:1)
103 creatures vanquished.

Vanquished Creatures (others)
  An orc (D:4)
1 creature vanquished.

Grand Total: 104 creatures vanquished

Notes
Turn   | Place    | Note
-------+----------+-------------------------------------------
     0 | D:1      | Legioner2108 the Minotaur Berserker began the quest for the
                  | Orb.
     0 | D:1      | Reached XP level 1. HP: 19/19 MP: 0/0
   364 | D:1      | Reached skill level 4 in Maces & Flails
   558 | D:1      | Reached XP level 2. HP: 27/27 MP: 1/1
   831 | D:1      | Upgraded the game from 0.25.0-9-g26727b657a to
                  | 0.25.0-10-g039870ee82
   917 | D:1      | Reached skill level 5 in Maces & Flails
   917 | D:1      | Reached XP level 3. HP: 33/33 MP: 2/2
  1326 | D:2      | Reached ** piety under Trog
  1431 | D:2      | Lost intelligence.
  1632 | D:2      | Found an ancient bone altar of Kikubaaqudgha.
  1904 | D:2      | Reached XP level 4. HP: 39/40 MP: 3/3
  1965 | D:2      | Reached skill level 6 in Maces & Flails
  2250 | D:3      | Found a shimmering altar of Xom.
  2420 | D:3      | Gained mutation: Scrolls take you a little longer to read.
                  | [potion of mutation]
  2420 | D:3      | Gained mutation: You possess an exceptional clarity of
                  | mind. [potion of mutation]
  3087 | D:4      | Reached XP level 5. HP: 40/46 MP: 4/4
  3419 | D:4      | Reached skill level 5 in Armour
  3419 | D:4      | Reached XP level 6. HP: 52/52 MP: 5/5
  3864 | D:4      | Found a sacrificial altar of Ru.
  3868 | D:4      | Reached XP level 7. HP: 57/58 MP: 6/6
  4060 | D:5      | Entered Level 5 of the Dungeon
  4103 | D:5      | Reached skill level 7 in Maces & Flails
  4193 | D:5      | Found a blossoming altar of Fedhas.
  4204 | D:5      | Noticed a water elemental
  4207 | D:5      | Found a stormy altar of Qazlal.
  4208 | D:5      | Noticed an air elemental
  4209 | D:5      | Noticed a fire elemental
  4438 | D:5      | Reached *** piety under Trog
  4622 | D:5      | Reached skill level 8 in Maces & Flails
  4743 | D:5      | Reached skill level 9 in Maces & Flails
  5293 | D:5      | Reached XP level 8. HP: 10/66 MP: 7/7
  5295 | D:5      | Slain by an orc warrior

Illustrated notes

Levels and vault maps discovered:
D:1:      psy_arrival_conway, layout_basic
D:2:      layout_loops_cross, kiku_gazebo_pond_becter
D:3:      layout_loops_ring, lemuel_crystal_altar, hangedman_feature_mirror
D:4:      layout_rooms, nicolae_ru_great_annihilating_truth, first_ration,
          minmay_unequal
D:5:      layout_cave_pods, kennysheep_mini, nicolae_qazlal_style_of_elements
D:6:      layout_rooms, nicolae_gozag_seed_capital, lemuel_doored_altar,
          minmay_crystal_room

Skill      XL: |  1  2  3  4  5  6  7 |
---------------+----------------------+-----
Maces & Flails | 4 5 6 9 |  9.1
Armour         | 5 7 |  7.1
Dodging        | 3 |  3.5
Fighting       | |  3.6
Axes           | |  0.3

Action                   |  1- 3 |  4- 6 |  7- 9 || total
-------------------------+-------+-------+-------++-------
Melee: Mace              |   203 |   108 |    19 ||   330
       Headbutt          |    54 |    15 |    11 ||    80
       Hand axe          |    53 |       |       ||    53
       Flail             |       |       |    36 ||    36
Throw: Throwing net      |     2 |     3 |       ||     5
       Javelin           |       |       |     1 ||     1
Invok: Berserk           |       |     3 |     6 ||     9
       Trog's Hand       |       |     1 |       ||     1
 Abil: Evoke Invisibilit |       |     2 |       ||     2
  Use: Scroll            |     6 |     6 |     1 ||    13
       Potion            |       |     3 |     2 ||     5
 Stab: Held in net/web   |       |     1 |       ||     1
       Paralysed         |       |       |     1 ||     1
  Eat: Chunk             |     4 |     4 |     3 ||    11
       Ration            |       |     2 |     2 ||     4
Armor: Leather armour    |     9 |       |       ||     9
       Ring mail         |    25 |    46 |    11 ||    82
Dodge: Dodged            |    62 |    60 |    46 ||   168
